[Event "1000GM Memorial Day NY IM-B 2023"]
[Site "New York"]
[Date "2023.05.28"]
[Round "5.2"]
[White "Luo, Terry"]
[Black "Pang, Qi"]
[Result "1/2-1/2"]
[ECO "D94"]
[WhiteElo "2321"]
[BlackElo "2165"]
[Annotator "TA"]
[PlyCount "80"]
[EventDate "2023.05.23"]
[EventType "schev"]
[EventCountry "USA"]
[SourceTitle "playchess.com"]
[Source "ChessBase"]
[SourceQuality "1"]
[TimeControl "5400+30"]

1. d4 d5 2. c4 c6 3. Nf3 Nf6 4. e3 a6 5. a4 g6 6. Nc3 Bg7 7. Be2 O-O 8. O-O b6 {[%emt 0:12:12] D94: Grünfeld: 4 Nf3 Bg7 5 e3.} 9. Ne5 Bb7 {[%emt 0:05:11] [#]} 10. Bd2 $146 ({Predecessor:} 10. Qb3 e6 11. cxd5 cxd5 12. a5 b5 13. Rd1 Nbd7 14. Nd3 Ne4 15. Bd2 Nd6 16. Be1 {0-1 Krings,C (2281)-Wendel,S (2214) Bad Zwesten op 7th 2003 (9)}) 10... Nbd7 11. Nxd7 Nxd7 (11... Qxd7 {keeps more tension.} 12. a5 dxc4 13. axb6 c5) 12. cxd5 cxd5 13. Bf3 Nf6 14. Rc1 Qd6 15. Qb3 Rfc8 16. Nb1 Rxc1 17. Rxc1 Rc8 18. Rxc8+ Bxc8 19. a5 bxa5 20. Bxa5 Qc6 21. Nc3 e6 22. Bb4 Ne4 23. Qa4 Qxa4 {[%emt 0:00:00] The position is equal.} 24. Nxa4 Bd7 25. Bd1 Bf8 26. Bxf8 Kxf8 $11 {[%emt 0:00:00][%mdl 4096] Endgame KBN-KBN} 27. f3 Nd6 28. Nc5 Bb5 29. Kf2 Ke7 30. Be2 a5 31. Bxb5 Nxb5 {[%emt 0:00:00] KN-KN} 32. Ke2 Nd6 33. Kd3 Kd8 34. g4 h5 35. gxh5 gxh5 36. b3 Kc7 37. e4 Nb7 {[%emt 0:02:08] [#] ...Nxc5+ would be deadly.} 38. Na4 Kc6 39. Nc3 Nd6 40. h4 Nc8 {[%emt 0:02:31] Weighted Error Value: White=0.04 (flawless) /Black=0.04 (flawless)} 1/2-1/2

[Event "1000GM Memorial Day NY IM-B 2023"]
[Site "New York"]
[Date "2023.05.28"]
[Round "5.3"]
[White "Bisiriyu-Salam, Oluwaseun"]
[Black "Lee, Alice"]
[Result "0-1"]
[ECO "B52"]
[WhiteElo "2011"]
[BlackElo "2391"]
[Annotator "TA"]
[PlyCount "78"]
[EventDate "2023.05.23"]
[EventType "schev"]
[EventCountry "USA"]
[SourceTitle "playchess.com"]
[Source "ChessBase"]
[SourceQuality "1"]
[TimeControl "5400+30"]

1. e4 c5 2. Nf3 d6 3. Bb5+ Bd7 4. Bxd7+ Nxd7 5. c4 Ngf6 6. Nc3 e6 7. O-O Ne5 {[%emt 0:03:15] B52: Sicilian: Moscow Variation with 3...Bd7.} 8. b3 Be7 {[%emt 0:03:39] [#]} 9. d4 $146 ({Predecessor:} 9. d3 O-O 10. Bf4 Ng6 11. Bg3 Nh5 12. d4 Nxg3 13. hxg3 Bf6 14. Rc1 Qa5 15. Qd2 {1-0 Juenger,H (2165)-Kienboeck,B (1922) AUT-ch Zwisch Internet blitz 2020 (1)}) 9... Nxf3+ {[%emt 0:01:08] The position is equal.} 10. gxf3 cxd4 11. Qxd4 Nh5 12. f4 Bf6 13. Qd3 Qa5 14. Nb5 {[%emt 0:01:27][%cal Od3d6] [#] Qxd6! would be deadly.} Bxa1 15. Qxd6 Rc8 {[%emt 0:00:20][%cal Ba8c8,Bc8d8,Bd8d1][%mdl 32] Hoping for ...a6.} 16. Ba3 (16. e5 $5 ) 16... Bf6 {[%emt 0:06:02] Dodges Qe7+. Threatens to win with ...a6.} 17. e5 $1 {[%emt 0:10:32] [#]} Bh4 18. Rd1 $2 {[%emt 0:03:34][%mdl 8192] Loses the game.} (18. Qd3 $17 g6 19. f5) 18... Rd8 $19 (18... Nxf4 $2 19. Qd7#) 19. Nc7+ Qxc7 20. Qxc7 Rxd1+ 21. Kg2 Rd7 (21... Nxf4+ $2 {too greedy.} 22. Kf3 Bd8 23. Qxb7 $17) 22. Qb8+ Bd8 23. Kf3 a6 24. Bd6 h6 25. c5 g5 26. b4 f5 (26... gxf4 27. a4 Ng7 28. b5 axb5 29. c6 bxc6 30. a5 $11) 27. Qc8 Nxf4 28. a4 Rhh7 29. c6 bxc6 30. Qxc6 Be7 31. Qxa6 (31. b5 Bxd6 32. exd6) 31... Bxd6 32. exd6 Rd8 {[%emt 0:05:22] ( -> ...Rhd7)} 33. Ke3 Rhd7 {[%emt 0:00:13] Black mates.} 34. Qb5 Kf7 35. Kd2 Rxd6+ 36. Kc2 Rd2+ 37. Kb1 Rxf2 38. Qb7+ Kg6 39. Kc1 Rdd2 {[%emt 0:00:00] Excellently played by Lee!   Weighted Error Value: White=0.68/Black=0.07 (flawless)} 0-1

[Event "1000GM Memorial Day NY IM-B 2023"]
[Site "New York"]
[Date "2023.05.28"]
[Round "5.4"]
[White "Nakada, Akira"]
[Black "Barbosa, Oliver"]
[Result "0-1"]
[ECO "D27"]
[WhiteElo "2321"]
[BlackElo "2492"]
[Annotator "TA"]
[PlyCount "82"]
[EventDate "2023.05.23"]
[EventType "schev"]
[EventCountry "USA"]
[SourceTitle "playchess.com"]
[Source "ChessBase"]
[SourceQuality "1"]
[TimeControl "5400+30"]

1. c4 e6 2. Nc3 d5 3. e3 Nf6 4. Nf3 dxc4 5. Bxc4 a6 6. d4 c5 7. O-O Nc6 8. a4 Be7 9. dxc5 Qxd1 10. Rxd1 Bxc5 11. Bd2 Ke7 {[%emt 0:05:43] D27: Queen's Gambit Accepted: Classical main line: 7 e4!? and 7 a4.} 12. a5 Rd8 13. Na4 Ba7 {[%emt 0:02:20] [#] White has an edge.} 14. Bc3 $146 ({Predecessor:} 14. b4 Ne4 15. Be1 Rxd1 16. Rxd1 Bd7 17. Bd3 Nf6 18. Rb1 Rc8 19. Nc5 Bxc5 20. bxc5 {½-½ Barseghyan,A (2383)-Fischer,D (2351) Kiel Doppelbauer IM 2nd 2022 (2)}) 14... Rxd1+ 15. Rxd1 Bd7 16. Nb6 Rd8 17. Nd4 Bxb6 18. axb6 Rc8 19. Nb3 Nb8 {[%emt 0:02:47] Black is weak on the dark squares} (19... Rd8 $14) 20. Na5 $1 $16 Bc6 21. Be5 ({White should try} 21. Bb4+ $16 Ke8 22. Bd6) 21... Nd5 $11 22. Bxd5 Bxd5 23. Bc7 Nd7 24. f3 {[%emt 0:02:26] e4 would be deadly.} f5 25. Rd4 Nf6 26. b4 g5 27. Rd2 Ne8 28. Be5 Rc1+ 29. Kf2 {[%emt 0:00:01] And now g4 would win.} Nf6 30. Rd4 Rc2+ 31. Kf1 h5 32. h3 Ra2 33. Rd1 (33. e4 $11 Ra1+ 34. Kf2 Ra2+ 35. Kg1 fxe4 36. Bxf6+ {[%mdl 64] Remove Defender} Kxf6 37. fxe4) 33... Nd7 $17 34. Bc7 {[%emt 0:00:14] [#]} Rb2 (34... g4 $1 $17 {White must now prevent ...gxh3.} 35. hxg4 hxg4 36. Rxd5 {[%mdl 64] Remove Defender} exd5 37. Nxb7 Rc2 38. Bd8+ Ke6) 35. Rd4 $11 {[%emt 0:00:08] aiming for e4.} Nf6 36. Be5 Rc2 37. Bg3 g4 38. hxg4 hxg4 39. Bh4 (39. Rf4 $15) 39... gxf3 $19 40. gxf3 Bxf3 41. e4 {[%emt 0:01:48] [#]} e5 $1 {[%emt 0:02:10] What a bad dream for White.   Weighted Error Value: White=0.20 (precise) /Black=0.16 (very precise)} ({Not} 41... Bxe4 42. Rxe4 fxe4 43. Nxb7 $15) 0-1

[Event "1000GM Memorial Day NY IM-B 2023"]
[Site "New York"]
[Date "2023.05.28"]
[Round "5.5"]
[White "Espinosa, Pedro"]
[Black "Nagy, Gabor"]
[Result "1/2-1/2"]
[ECO "E11"]
[WhiteElo "2229"]
[BlackElo "2468"]
[Annotator "TA"]
[PlyCount "104"]
[EventDate "2023.05.23"]
[EventType "schev"]
[EventCountry "USA"]
[SourceTitle "playchess.com"]
[Source "ChessBase"]
[SourceQuality "1"]
[TimeControl "5400+30"]

1. d4 Nf6 2. c4 e6 3. Nf3 Bb4+ 4. Bd2 a5 5. a3 Be7 6. Nc3 {[%emt 0:01:11] E11: Bogo-Indian.} d5 7. Bf4 O-O 8. e3 {[%emt 0:00:29] White is slightly better.} b6 9. cxd5 Nxd5 10. Nxd5 exd5 11. Bd3 {[%emt 0:02:35] [#]} c5 $146 ({Predecessor:} 11... Bd6 12. Ne5 Ba6 13. Bxa6 Rxa6 14. Rc1 Qe8 15. Qb3 c6 16. O-O Qe6 17. e4 dxe4 18. Qxe6 fxe6 {½-½ Piskov,Y (2410)-Goldin,A (2500) URS Club Cup 1st 1988 (6)}) 12. Ne5 Ba6 13. O-O Bxd3 14. Qxd3 c4 15. Qf5 Qc8 16. Qh5 (16. Qc2 {simplifies} Nd7 17. e4 Nxe5 18. Bxe5 Qc6 19. Rae1) 16... Nd7 17. Rfe1 f5 (17... Nf6 $15 18. Qe2 Re8) 18. Qf3 Nxe5 19. Bxe5 Qe6 20. Qh3 Rae8 21. f4 (21. e4 {feels hotter.} dxe4 22. Rxe4 Bxa3 23. Rh4) 21... b5 22. Qf3 Rc8 23. Kh1 Rf7 ({Black should play} 23... c3 $17 24. Qe2 cxb2 25. Qxb2 Qd7) 24. Rg1 Bf8 25. g4 fxg4 26. Rxg4 b4 (26... c3 $17 27. Rg2 (27. bxc3 Rxc3 28. Rg5 Qc6 $17) 27... b4 28. axb4 axb4 29. bxc3 Rxc3) 27. axb4 $11 axb4 28. Rag1 c3 29. bxc3 bxc3 {[%emt 0:00:14] Hoping for ...c2.} 30. Qh3 {[%emt 0:03:03][%cal Og4g7] Threatening mate with Rxg7+!} Rc6 $1 31. f5 $2 Qxf5 $19 32. Bxg7 {[%emt 0:08:27] Intending Bf6+ and mate.} Qf3+ ({Worse is} 32... Bxg7 33. Rxg7+ Kf8 34. Rxf7+ Qxf7 35. Rf1 $11) (32... Rg6 $1 $19 33. Be5 Bg7) 33. Qxf3 $11 Rxf3 34. Bxf8+ $2 (34. Kg2 $11 Rf5 35. Bxf8+ Kxf8 36. Rc1) 34... Kxf8 {[%emt 0:00:14][%mdl 4096] Endgame KRR-KRR} 35. Rg8+ Ke7 36. R8g7+ Rf7 37. R7g2 Ke6 $1 ({Weaker is} 37... c2 38. Rc1 $11) 38. Rc2 Rf3 $1 {[%emt 0:00:28][%cal Oe6f5] White must now prevent ...Kf5!} 39. Rg8 {[%emt 0:01:57] [#]} (39. Kg2 $142 Rxe3 40. Rf1) 39... Kf7 $1 $19 ({Resist} 39... Rxe3 40. Re8+ Kf5 41. Rxe3 $18) 40. Rd8 Rxe3 {[%emt 0:03:42] ...Rd3 is the strong threat.} 41. Rxd5 {[%emt 0:00:10] [#]} (41. Kg1 {might work better.} Rg6+ 42. Kf2) 41... Rd3 $1 {[%emt 0:00:45] ...Rd1+ would be deadly.} 42. Rf5+ Rf6 $2 ({Black should try} 42... Ke6 $19 43. d5+ Rxd5) 43. Rcf2 $11 {[%emt 0:02:39] The position is equal.} Rxf5 44. Rxf5+ {[%emt 0:01:34] KR-KR} Ke6 (44... Kg6 $5 45. Rc5 $8 Kf6 $11) 45. Rc5 h5 46. h4 Rxd4 {[%emt 0:01:31] aiming for ...Rd3.} 47. Rxc3 Rxh4+ 48. Kg2 Ke5 49. Rc5+ Kd6 50. Ra5 Rd4 51. Rxh5 Rd5 52. Rxd5+ Kxd5 {[%emt 0:00:03] Black had all chances to win.   Weighted Error Value: White=0.42/Black=0.28 (precise)} 1/2-1/2

[Event "1000GM Memorial Day NY IM-B 2023"]
[Site "New York"]
[Date "2023.05.28"]
[Round "5.6"]
[White "Hebbar, Eshaan"]
[Black "Bortnyk, Mykola"]
[Result "0-1"]
[ECO "A41"]
[WhiteElo "1969"]
[BlackElo "2425"]
[Annotator "TA"]
[PlyCount "72"]
[EventDate "2023.05.23"]
[EventType "schev"]
[EventCountry "USA"]
[SourceTitle "playchess.com"]
[Source "ChessBase"]
[SourceQuality "1"]
[TimeControl "5400+30"]

1. d4 d6 2. c4 e5 3. e3 Nd7 4. Nc3 g6 5. Bd3 Bg7 6. Nge2 {[%emt 0:00:51] A41: 1 d4 d6: Tartakower System and Modern Defence.} f5 7. O-O Ngf6 8. b4 {[%emt 0:03:50][%cal Bb2b4,Bb4b5][%mdl 32] The position is equal.} O-O {[%emt 0:03:05] [#]} 9. a4 $146 ({Predecessor:} 9. Qb3 Kh8 10. a4 e4 11. Bb1 Re8 12. Ra2 Nf8 13. f3 exf3 14. gxf3 c6 15. d5 cxd5 16. Nxd5 Nxd5 17. cxd5 {0-1 Arias Gaviria,M (2280)-Movsziszian,K (2473) Merida World Heritage op 2nd 2022 (3)}) 9... a5 10. b5 Kh8 11. Ba3 b6 12. Rc1 Bb7 13. Qb3 exd4 14. exd4 Ne4 15. Nxe4 fxe4 16. Bb1 (16. Bc2 {simplifies} Qh4 17. Qg3 Qxg3 18. hxg3 Rad8 19. Rfe1) 16... Qh4 17. c5 bxc5 18. dxc5 Ne5 (18... Nxc5 $11 {remains equal.} 19. Bxc5 dxc5) 19. Qg3 $16 Qh5 20. Rfe1 (20. cxd6 $16 Qxe2 21. Rfe1) 20... Ng4 (20... Nf3+ $1 $11 {keeps the balance.} 21. gxf3 Rxf3) 21. h3 $1 Nxf2 {[%emt 0:00:11] ...Be5 is the strong threat.} 22. Nf4 $2 (22. cxd6 $16 {is forced if you want to stay better. Strongly threatening Rc5.} Be5 23. Rc5 cxd6 24. Rxe5 dxe5 25. Bxf8 Rxf8 26. Nc1) 22... Qh6 (22... Rxf4 $1 $19 23. Qxf4 Bd4 24. Qxf2 Bxf2+ 25. Kxf2 d5 26. Bb2+ Kg8) 23. Qxf2 $17 {[%emt 0:08:12][%cal Oc5c6] And now c6! would win.} Rxf4 (23... Qxf4 24. Qxf4 Rxf4 25. cxd6 Bd4+ 26. Kh1 cxd6 27. Bxd6 $18) 24. Qe3 Raf8 {[%emt 0:00:02][%cal Of4f1] aiming for ...Rf1+!} 25. Re2 Be5 {[%emt 0:02:13] Hoping for ...Qg7.} 26. c6 Bc8 27. Bxe4 {[%emt 0:01:09] [#]} Bg4 $2 28. Rf2 $11 (28. hxg4 $2 {is a self mate.} Rf1+ 29. Rxf1 Qh2#) 28... Qg7 29. Rd2 {[%emt 0:01:36] [#]} (29. Rxf4 $1 $11 Bxf4 30. Qd3 Bxc1 31. Bxc1) 29... Qf6 $2 ({Black should play} 29... Bxh3 $1 $19 30. gxh3 Qh6) 30. Qd3 {[%emt 0:01:05][%mdl 8192] [#]} (30. g3 $11 Rf1+ 31. Kh2) 30... Bxh3 $1 31. gxh3 $17 {[%emt 0:00:55] [#]} Rf2 $40 {[%emt 0:00:01][%cal Bf4f2,Bf2f1,Bf1c1,Bc1c4][%mdl 160] White is in trouble.} 32. Qe3 (32. Kh1 $17 Qh4 33. Rxf2 Rxf2 34. Kg1 (34. Qe3 $2 Rh2+ 35. Kg1 Rxh3 $19)) 32... Rf1+ $19 {[%emt 0:00:31] Black is clearly winning.} 33. Kg2 Rxc1 34. Rf2 {[%emt 0:00:56] Prevents Qf1+.} Qxf2+ 35. Qxf2 Rxf2+ 36. Kxf2 Rc4 {[%emt 0:00:45][%csl LRa4,LRe4] Beautiful play by Bortnyk!   Weighted Error Value: White=0.70/Black=0.54} 0-1

[Event "1000GM Memorial Day NY IM-B 2023"]
[Site "New York"]
[Date "2023.05.28"]
[Round "6.1"]
[White "Ansh M Shah"]
[Black "Barbosa, Oliver"]
[Result "1/2-1/2"]
[ECO "E01"]
[WhiteElo "2171"]
[BlackElo "2492"]
[Annotator "TA"]
[PlyCount "171"]
[EventDate "2023.05.23"]
[EventType "schev"]
[EventCountry "USA"]
[SourceTitle "playchess.com"]
[Source "ChessBase"]
[SourceQuality "1"]
[TimeControl "5400+30"]

1. d4 Nf6 2. c4 e6 3. Nf3 c5 4. g3 cxd4 5. Nxd4 d5 6. Bg2 e5 7. Nf3 d4 8. O-O Nc6 9. Nbd2 {[%emt 0:02:10] [#] E01: Catalan: Early deviations.} (9. e3 $11) 9... h6 $146 ({Predecessor:} 9... Bc5 10. a3 a5 11. Qc2 O-O 12. Ne4 Nxe4 13. Qxe4 f6 14. Bd2 Be6 15. Qc2 a4 {0-1 Richter,C (2387)-Berelowitsch,A (2542) GER-ch 3rd Internet Blitz GpD 2005 (3.3)}) 10. Qc2 Be7 11. Ne4 {[%emt 0:07:01] Black is slightly better.} Nh7 12. Rd1 Qc7 (12... f5 $5 13. Nc3 e4 $15) 13. c5 Bg4 (13... O-O $1 $15) 14. b4 $11 O-O 15. b5 Nb4 16. Qb3 a5 (16... Bxc5 $2 17. Nxc5 Qxc5 18. Ba3 Qxb5 19. Qxb4 Qxb4 20. Bxb4 $18) 17. bxa6 Nxa6 18. Qb6 Qxb6 (18... Bxc5 $2 19. Qxc7 Nxc7 20. Nxc5 $18) 19. cxb6 f6 20. h3 $36 {[%emt 0:06:15][%mdl 2048] White is more active.} Be6 21. g4 Nb4 22. Bd2 Nd5 (22... Bxa2 23. Nh4 Nc6 24. Ng3 $16) (22... Nc2 $5 23. Rab1 Na3 $17) 23. Nh4 Rfd8 (23... Nxb6 24. Rdb1 Nc4 25. Rxb7 $11) (23... Ba3 $1 $15) 24. Rdb1 {[%emt 0:05:20] [#]} (24. a4 $11) 24... Ra6 $2 {[%emt 0:02:12] [#]} (24... Ba3 $1 $17 25. f4 exf4) 25. a4 $1 $16 Kf7 {[%emt 0:01:35] Repels Ng6} (25... Rxb6 $2 26. Rxb6 Nxb6 27. Ba5 $18) 26. a5 g6 {[%emt 0:00:08] Dodges Nf5} 27. Ng3 {[%emt 0:02:35] White is more active.} (27. Bxh6 $2 f5 28. Nf3 (28. gxf5 $2 gxf5 29. Nxf5 Bxf5 $19) 28... fxe4 $17) 27... Ng5 28. Nf3 (28. Rb5 $16) 28... Rd7 ({Better is} 28... Nxf3+ $1 29. Bxf3 f5) 29. h4 Nxf3+ 30. Bxf3 Nc3 31. Bxc3 dxc3 32. Rc1 {[%emt 0:01:51] Inhibits c2.} Bb4 33. Ne4 f5 (33... Bxa5 34. Nc5 (34. Nxc3 Bxb6 35. Rab1 Rc7 $17) 34... Bxb6 35. Nxa6 bxa6 36. Rxa6 $16) 34. gxf5 gxf5 35. Nxc3 e4 36. Bh5+ Kf6 37. Nb5 Rxa5 ({Don't take} 37... Bxa5 38. Nc7 Bd2 39. Rxa6 (39. Nxa6 Bxc1 40. Rxc1 bxa6 $11) 39... Bxc1 40. Ra7 $16) 38. Nc7 $1 Ba2 (38... Rxa1 {simplifies} 39. Rxa1 Bc5 40. Nxe6 Kxe6 41. Ra8 e3) 39. Ne8+ Ke5 40. Rc7 Be6 {[%emt 0:00:48] This pair of bishops is nice.} 41. Rb1 ({Reject} 41. Rxa5+ Bxa5 42. Rc5+ Rd5 $17) 41... Rb5 42. Ng7 Rxb6 43. Nxe6 Kxe6 44. Rc4 (44. Rc8 $11) 44... Rg7+ 45. Kf1 {[%emt 0:00:31] [#]} Bc5 {[%emt 0:00:12][%mdl 64] Discovered Attack, Back Rank} 46. Rxb6+ Bxb6 $15 {[%emt 0:00:02][%mdl 4096] Endgame KRB-KRB} 47. e3 Kd5 ({Black should try} 47... Rc7 $15 48. Rxc7 Bxc7) 48. Rc8 $11 Bc5 49. Rh8 b5 50. Rxh6 b4 {[%emt 0:00:20] aiming for ...b3.} 51. Bd1 {[%emt 0:00:41] White threatens Bb3+ and mate.} Kc4 {[%emt 0:00:55] Wards off Bb3+} 52. Be2+ Kd5 {[%emt 0:01:08] White must now prevent ...b3.} 53. Bd1 {[%emt 0:00:22] Bb3+ would kill now.} f4 54. Bb3+ Ke5 55. Rh5+ Kd6 56. exf4 Rg4 57. Rh6+ Kc7 58. Bd5 {[%emt 0:00:22] Rc6+ is the strong threat.} Bd6 59. Bxe4 Bxf4 60. Rc6+ Kd8 61. h5 Rh4 62. Bg6 Be5 63. Re6 Bc3 64. Re3 Bd4 {[%emt 0:00:25] The position is equal.} 65. Rd3 Ke7 66. Kg2 Be5 67. Rd5 Kf6 68. Rb5 Rg4+ 69. Kf3 Rf4+ 70. Ke3 Rh4 71. f3 Bd4+ 72. Kd3 Be5 73. Rb7 Kg5 74. Rb5 Kf6 75. Ke2 Rh2+ 76. Ke3 Rh4 77. Rb7 Kg5 78. Rf7 {[%emt 0:00:39] Hoping for Rf5+.} Rf4 {[%emt 0:02:18] Against Rf5+} 79. Rh7 b3 80. Rb7 b2 81. Rb5 Kf6 82. Be4 Rh4 83. Rb6+ Kg5 84. Rb5 Kf6 85. Rb6+ Kg5 86. Rb5 {[%emt 0:00:43] Weighted Error Value: White=0.14 (very precise) /Black=0.16 (very precise)} 1/2-1/2

[Event "1000GM Memorial Day NY IM-B 2023"]
[Site "New York"]
[Date "2023.05.28"]
[Round "6.2"]
[White "Pang, Qi"]
[Black "Nagy, Gabor"]
[Result "0-1"]
[ECO "A31"]
[WhiteElo "2165"]
[BlackElo "2468"]
[Annotator "TA"]
[PlyCount "112"]
[EventDate "2023.05.23"]
[EventType "schev"]
[EventCountry "USA"]
[SourceTitle "playchess.com"]
[Source "ChessBase"]
[SourceQuality "1"]
[TimeControl "5400+30"]

1. Nf3 c5 2. c4 Nc6 3. Nc3 Nf6 4. g3 d6 5. Bg2 g6 6. O-O Bg7 7. d4 cxd4 8. Nxd4 Bd7 9. Nb3 b6 {[%emt 0:08:51] A31: Symmetrical English: 2 Nf3 Nf6 3 d4.} 10. Nd5 Rc8 11. Bg5 Ng4 {[%emt 0:01:43] Black is slightly better.} 12. h3 Nge5 13. Rc1 {[%emt 0:01:48] [#]} f5 $146 (13... O-O $11) ({Predecessor:} 13... h6 14. Bd2 Nb8 15. Ne3 Bc6 16. Bc3 Bxg2 17. Kxg2 O-O 18. Nd2 Qd7 19. f4 Qb7+ {½-½ Zhou,J (2619)-Venkatesh,M (2499) Moscow Aeroflot op-A 11th 2012 (3)}) 14. Be3 (14. Nd4 $1 $14) 14... e6 $11 15. Nf4 Nf7 16. Nd3 {[%emt 0:09:40] [#]} ({Better is} 16. Qc2 $15) 16... O-O (16... e5 $1 $17) 17. f4 Qe7 18. Bd2 e5 19. Bc3 Rfd8 20. Bd5 Be6 21. Nf2 exf4 ({Black should try} 21... Qd7 $17) 22. gxf4 Bxc3 23. Rxc3 Bxd5 24. cxd5 Nb8 25. Qd2 Rxc3 26. Qxc3 Nd7 (26... Qxe2 $2 27. Nd4 Qe7 28. Ne6 $18) 27. Nd4 {[%emt 0:00:45] [#] aiming for Nc6.} Re8 28. Ne6 Nd8 29. Nd4 (29. Nc7 $11 {remains equal.} Rf8 30. Rc1) 29... Nf6 $17 30. Nc6 Qf7 (30... Qxe2 $2 31. Qxf6 Nf7 32. Qd4 $18 (32. Nxa7 Re3 $11)) 31. Nxd8 Rxd8 32. Rd1 Nxd5 33. Qd4 Nf6 34. Rd3 Re8 35. e3 Re6 36. Nd1 Ne4 (36... Kg7 $142 37. Qc3 Qb7) 37. Nc3 Nc5 38. Rd1 Qe7 39. Nd5 (39. Kf2 $17) 39... Qh4 $19 {[%emt 0:00:00] And now ...Ne4 would win.} 40. Rd2 Qxh3 ({Worse is} 40... Qe1+ 41. Kh2 $15) 41. Rc2 (41. Rg2 $142) 41... Qg3+ 42. Kf1 Qf3+ 43. Kg1 a5 44. a3 a4 ({Avoid the trap} 44... Qg3+ $2 45. Kh1) 45. Rf2 Qg3+ 46. Rg2 Qe1+ 47. Kh2 Qh4+ 48. Kg1 Kf7 {[%emt 0:00:00] ...Qe1+ would be deadly.} 49. Qc4 (49. Qd1 $17) 49... Re4 50. Qb5 Qd8 51. Rg3 Re6 52. Nxb6 $2 {[%emt 0:00:56][%mdl 8192] Loses the game.} (52. Qc6 $17 {is tougher.}) 52... Qh4 53. Rg2 Rxe3 {[%emt 0:00:00] Black mates.} 54. Qc4+ Ne6 55. Re2 Qg3+ (55... Qxf4 $2 56. Qxf4 Nxf4 57. Rxe3 $18) 56. Kf1 Rf3+ {[%emt 0:00:00] A cool game by Nagy.   Weighted Error Value: White=0.40/Black=0.17 (very precise)} 0-1

[Event "1000GM Memorial Day NY IM-B 2023"]
[Site "New York"]
[Date "2023.05.28"]
[Round "6.4"]
[White "Chen, Justin"]
[Black "Nakada, Akira"]
[Result "1-0"]
[ECO "A17"]
[WhiteElo "2333"]
[BlackElo "2321"]
[Annotator "TA"]
[PlyCount "91"]
[EventDate "2023.05.23"]
[EventType "schev"]
[EventCountry "USA"]
[SourceTitle "playchess.com"]
[Source "ChessBase"]
[SourceQuality "1"]
[TimeControl "5400+30"]

1. Nf3 Nf6 2. c4 e6 3. Nc3 Bb4 4. Qc2 O-O 5. a3 Bxc3 6. Qxc3 d6 7. g3 e5 8. Bg2 Nc6 9. b4 {[%emt 0:05:56][%cal Bb2b4,Bb4b5][%mdl 32] A17: English Opening: 1...Nf6 with ...Bb4.} Re8 {[%emt 0:04:56] [#]} 10. b5 $146 ({Predecessor:} 10. Bb2 Bg4 11. h3 Bh5 12. O-O d5 13. d3 Bxf3 14. exf3 Qd6 15. Rfe1 dxc4 16. dxc4 {½-½ Nikolaidis,I (2529)-Georgiadis,I (2438) GRE-ch Katakolo 2009 (9)}) 10... Nb8 11. O-O {[%emt 0:01:37] White is slightly better.} Nbd7 12. d3 Nc5 13. a4 a5 14. Be3 e4 (14... Ne6 $14) 15. Nd2 $16 {[%emt 0:02:47] White is more active.} Bf5 16. Bxc5 dxc5 17. dxe4 Nxe4 18. Nxe4 Bxe4 19. Rad1 Qe7 20. Bxe4 (20. Bh3 $5 ) 20... Qxe4 21. Rd5 b6 22. e3 Rad8 23. Rfd1 Rxd5 24. Rxd5 $11 {[%emt 0:00:05][%mdl 4096] Endgame KQR-KQR} h6 25. Qd3 Kf8 26. Rd8 Qxd3 27. Rxd3 {[%emt 0:00:02][%cal Bd8d3,Bd3c3,Bc3c1,Bc1d1,Bd1d7,Bd7c7,Bc7c6][%mdl 32] KR-KR} Re4 28. Rc3 f5 29. Kf1 Ke7 30. Ke2 g5 31. Rc1 Kf6 32. f3 Re6 33. Rd1 Rd6 {[%emt 0:01:11] [#]} (33... f4 $11 {remains equal.} 34. e4 Ke7) 34. f4 $1 $16 {[%emt 0:03:28] aiming for Rxd6+.} gxf4 35. gxf4 {[%emt 0:00:57] Strongly threatening Rxd6+.} Re6 36. Rd7 Re4 $2 {[%emt 0:00:02][%mdl 8192] [#] This move loses the game for Black.} (36... c6 $16) 37. Kd3 $1 $18 {[%emt 0:00:30] White is clearly winning.} ({Not} 37. Rxc7 Rxc4 38. Rc6+ Kg7 $16) 37... Kg6 38. Rxc7 Kh5 39. Rc6 Kg4 40. Rxb6 {[%emt 0:04:14] Black must now prevent Rc6.} ({Stronger than} 40. Rxh6 Rxe3+ 41. Kxe3 $11) 40... Kf3 41. Rc6 ({Less strong is} 41. Rxh6 Rxe3+ 42. Kd2 Re2+ 43. Kd1 Re4 $18) 41... Rxe3+ 42. Kd2 Re2+ 43. Kd1 Ra2 44. Rxc5 {[%emt 0:00:32] b6 is the strong threat.} Ke3 45. b6 {[%emt 0:01:47] Threatens to win with b7.} Kd3 46. Rd5+ {[%emt 0:22:51] Weighted Error Value: White=0.04 (flawless) /Black=0.27 (precise)} (46. Rxa5 $2 Ra1#) 1-0